Zazza, neutral female human Tourist ------ |...h| |..f@| |{...| ------ Zazza the Rambler Experience level: 1 Strength: 15 Dexterity: 10 Constitution: 17 Intelligence: 10 Wisdom: 7 Charisma: 18 Health: 0(10) Energy: 2(2) Def: 0 Gold: 1077 Moves: 1601 Dungeon seed: s4GW37oZu8j5jvOI Game ID: Zazza_1618558400 Your Inventory: Coins $ - 1077 gold pieces Weapons a - 35 +2 darts (in quiver) w - 5 +0 darts J - a +0 dagger Armor e - an uncursed +0 Hawaiian shirt (being worn) Comestibles b - 2 uncursed eggs c - 8 uncursed food rations d - an uncursed apple f - an uncursed sprig of wolfsbane g - an uncursed tripe ration A - an uncursed egg K - 2 uncursed food rations Scrolls i - 3 uncursed scrolls of magic mapping l - a blessed scroll of remove curse m - an uncursed scroll of enchant armor B - an uncursed scroll of food detection C - a cursed scroll of identify Spellbooks o - an uncursed spellbook of light y - an uncursed spellbook of healing Potions h - 3 uncursed potions of extra healing p - a cursed potion of confusion z - 2 uncursed potions of hallucination Rings G - an uncursed ring of regeneration Wands D - a wand of light (0:13) F - a wand of striking (0:5) Tools j - an expensive camera (0:77) k - an uncursed credit card x - an uncursed mirror Gems n - an uncursed worthless piece of yellowish brown glass q - 2 uncursed worthless pieces of black glass r - an uncursed amethyst stone N - a cursed loadstone Spells and supernatural/magical abilities: Name Level Category Fail Memory W - pray for help -- divine ? -- Your skills at the end: Fighting Skills Weapon Skills dart [Basic] Spellcasting Skills Final Attributes: You were stridently aligned. You are dead. Vanquished creatures: a giant rat a green mold a red mold 7 jackals a fox 2 kobolds 2 goblins 2 sewer rats 7 grid bugs 4 lichens 6 newts 34 creatures vanquished. Voluntary challenges: You were an atheist. You never hit with a wielded weapon. You read items or engraved 1 time, starting on turn 1224. You never genocided any monsters. You never polymorphed an object. You never changed form. You used no wishes. You never split a pudding. You never wrote Elbereth's name. You never violated your personal moral code. Dungeon overview: The Dungeons of Doom: levels 1 to 4 Level 1 a long staircase Level 2 a fountain Level 3 a general store, a fountain stairs to The Gnomish Mines Level 4 <- You were here a fountain The Gnomish Mines: Level 4 stairs to The Dungeons of Doom History has recorded: On T:1 you entered the Dungeons of Doom to retrieve the Amulet of Yendor! On T:575 you reached level 2 of The Dungeons of Doom. On T:1087 you reached level 3 of The Dungeons of Doom. On T:1559 you reached level 1 of The Gnomish Mines. On T:1601 you reached level 4 of The Dungeons of Doom. Score breakdown: Gold: 144 ( 7352 points) Experience: 1 level ( 0 points) Exploration: 4 levels ( 8.16%) ( 7500 points) Discoveries: 1 item ( 0.34%) ( 1737 points) Valuables value: (no points given unless you survive) Artifact value: 0 ( 0 points) Variety of kills: 11 monsters ( 2.89%) ( 5097 points) Turncount: 1601 turns ( 0 points) Survival: died (score multiplied by 80%) Total score: 17348 Latest messages: This cream pie is delicious! You finish eating the cream pie. Where do you want to travel to? You see here a gray stone. You have a little trouble lifting N - a gray stone. Your movements are slowed slightly because of your load. You displace Armand. Armand bites the red mold. (2x) The red mold is killed! You see here a red mold corpse. This red mold corpse tastes terrible! You finish eating the red mold corpse. You hear the splashing of a naiad. You fall down the stairs. Armand bites the hobbit. The hobbit wields a dagger! The hobbit thrusts his dagger. The hobbit hits! You die... Final status: Aloha Zazza the Tourist, killed by a hobbit... You died in The Dungeons of Doom on dungeon level 4 with 17348 points, and 1077 pieces of gold, after 1601 moves. You were level 1 with a maximum of 10 hit points when you died.